[ AOE2 MATCH · #505897514 ]
UnrankedEthiopians vs Britons
Player's team · LOSS
Rival team · WIN
[ REPLAY ANALYSIS · EXTRACTED FROM THE RECORDED GAME ]
Feudal
9:20
Castle
20:47
Imperial
—
| APM avg | 84.2 |
| APM peak | 138 |
| eAPM avg | 29.0 |
| Villagers / military | 105 / 89 |
Focus
⚔️ 33.3% · 🌾 66.7%
Skirmisher ×37 · Archer ×33 · Mangonel ×12 · Knight ×3 · Militia ×3 · Camel Scout ×1
Feudal
9:41
Castle
21:23
Imperial
—
| APM avg | 54.3 |
| APM peak | 88 |
| eAPM avg | 23.2 |
| Villagers / military | 147 / 106 |
Focus
⚔️ 36.3% · 🌾 63.7%
Archer ×92 · Militia ×5 · Mangonel ×5 · Skirmisher ×4
Match map
Initial resources + every placement click. Lines = walls · curves = elevation contours. ◆ gold · ⬟ stone · ● berries · ✦ relic · ◌ wall gap
Your base· Open — 7t gap
Andi's base· ✓ Closed at 21:23 · 15t walls · 1 gate(s)
Smoothed initial terrain · ◌ = detected wall gap · hover for details
Inputs per minute
— tomyam - - Andi
Build order — tomyam
First 150 of 284 actions detected
| 0:00 | Queue | Villager (Male) |
| 0:00 | Queue | Villager (Male) |
| 0:01 | Queue | Villager (Male) |
| 0:01 | Queue | Villager (Male) |
| 0:02 | Build | House |
| 0:04 | Build | House |
| 1:24 | Queue | Villager (Male) |
| 1:24 | Queue | Villager (Male) |
| 1:24 | Queue | Villager (Male) |
| 1:46 | Build | Lumber Camp |
| 2:01 | Queue | Villager (Male) |
| 2:19 | Queue | Villager (Male) |
| 2:19 | Queue | Villager (Male) |
| 2:44 | Queue | Villager (Male) |
| 2:44 | Queue | Villager (Male) |
| 3:09 | Queue | Villager (Male) |
| 3:41 | Queue | Villager (Male) |
| 3:51 | Build | House |
| 3:53 | Build | Palisade Wall |
| 4:01 | Queue | Villager (Male) |
| 4:32 | Queue | Villager (Male) |
| 4:36 | Queue | Villager (Male) |
| 4:56 | Build | House |
| 5:17 | Queue | Villager (Male) |
| 5:28 | Build | Barracks |
| 5:32 | Queue | Villager (Male) |
| 5:59 | Research | Loom |
| 6:14 | Build | House |
| 6:45 | Queue | Villager (Male) |
| 7:10 | Research | Feudal Age |
| 7:14 | Build | Mill |
| 7:34 | Queue | Militia |
| 7:35 | Queue | Militia |
| 7:49 | Queue | Militia |
| 8:50 | Queue | Villager (Male) |
| 8:54 | Build | House |
| 9:00 | Build | Palisade Wall |
| 9:00 | Build | Palisade Wall |
| 9:09 | Build | House |
| 9:11 | Build | Palisade Wall |
| 9:14 | Queue | Villager (Male) |
| 9:18 | Build | Palisade Wall |
| 9:20 | Age | Feudal Age |
| 9:25 | Build | Archery Range |
| 9:28 | Build | House |
| 9:29 | Queue | Villager (Male) |
| 9:31 | Build | Mining Camp |
| 9:38 | Build | House |
| 9:42 | Build | Palisade Wall |
| 9:44 | Build | Palisade Wall |
| 9:46 | Queue | Villager (Male) |
| 9:54 | Build | Palisade Wall |
| 9:55 | Queue | Villager (Male) |
| 10:00 | Queue | Villager (Male) |
| 10:19 | Queue | Archer |
| 10:19 | Queue | Archer |
| 10:34 | Research | Double-Bit Axe |
| 10:35 | Queue | Villager (Male) |
| 10:42 | Build | Farm |
| 10:48 | Queue | Archer |
| 11:22 | Queue | Archer |
| 11:23 | Queue | Villager (Male) |
| 11:23 | Queue | Villager (Male) |
| 11:29 | Build | House |
| 11:31 | Build | Palisade Wall |
| 11:37 | Queue | Villager (Male) |
| 11:40 | Build | Palisade Wall |
| 11:47 | Build | Farm |
| 11:49 | Build | Farm |
| 12:02 | Queue | Archer |
| 12:09 | Build | Farm |
| 12:12 | Build | Farm |
| 12:15 | Queue | Archer |
| 12:33 | Queue | Villager (Male) |
| 12:49 | Build | Blacksmith |
| 13:00 | Build | House |
| 13:04 | Build | Palisade Wall |
| 13:11 | Queue | Villager (Male) |
| 13:26 | Build | House |
| 13:33 | Research | Fletching |
| 13:33 | Research | Fletching |
| 13:34 | Queue | Archer |
| 14:31 | Queue | Villager (Male) |
| 14:31 | Queue | Villager (Male) |
| 14:32 | Queue | Villager (Male) |
| 14:33 | Queue | Archer |
| 14:34 | Queue | Villager (Male) |
| 14:38 | Build | Farm |
| 14:38 | Build | Farm |
| 14:41 | Build | Farm |
| 14:43 | Build | Farm |
| 14:50 | Build | House |
| 14:55 | Queue | Villager (Male) |
| 14:59 | Queue | Archer |
| 15:11 | Build | Farm |
| 15:11 | Queue | Villager (Male) |
| 15:14 | Queue | Villager (Male) |
| 15:16 | Build | House |
| 15:18 | Queue | Villager (Male) |
| 15:19 | Queue | Villager (Male) |
| 15:27 | Queue | Archer |
| 15:34 | Build | Palisade Wall |
| 15:58 | Build | Farm |
| 16:31 | Build | Market |
| 16:45 | Build | House |
| 17:00 | Build | Farm |
| 17:12 | Build | House |
| 17:20 | Build | House |
| 17:24 | Queue | Villager (Male) |
| 17:44 | Build | Farm |
| 17:46 | Build | Farm |
| 18:07 | Research | Castle Age |
| 18:42 | Build | Stable |
| 18:43 | Queue | Archer |
| 19:09 | Queue | Archer |
| 19:39 | Build | Farm |
| 19:42 | Research | Scale Barding Armor |
| 20:19 | Queue | Archer |
| 20:33 | Build | House |
| 20:33 | Build | House |
| 20:47 | Age | Castle Age |
| 20:50 | Research | Crossbowman (upgrade) |
| 20:50 | Research | Crossbowman (upgrade) |
| 20:50 | Research | Bodkin Arrow |
| 20:51 | Research | Bodkin Arrow |
| 20:51 | Queue | Camel Scout |
| 20:51 | Queue | Knight |
| 20:55 | Queue | Knight |
| 21:08 | Queue | Villager (Male) |
| 21:14 | Build | House |
| 21:16 | Build | House |
| 21:21 | Queue | Villager (Male) |
| 21:42 | Queue | Villager (Male) |
| 21:44 | Build | Archery Range |
| 21:45 | Queue | Archer |
| 21:45 | Queue | Archer |
| 21:45 | Queue | Archer |
| 21:52 | Build | House |
| 21:57 | Queue | Knight |
| 22:10 | Queue | Archer |
| 22:10 | Queue | Archer |
| 22:10 | Queue | Archer |
| 22:20 | Queue | Archer |
| 22:20 | Queue | Archer |
| 22:29 | Queue | Villager (Male) |
| 22:29 | Queue | Villager (Male) |
| 22:36 | Build | Lumber Camp |
| 22:45 | Queue | Archer |
| 22:45 | Queue | Archer |
| 22:45 | Queue | Archer |
Build order — Andi
First 150 of 363 actions detected
| 0:00 | Queue | Villager (Male) |
| 0:00 | Queue | Villager (Male) |
| 0:00 | Queue | Villager (Male) |
| 0:00 | Queue | Villager (Male) |
| 0:01 | Build | House |
| 0:02 | Build | House |
| 1:19 | Queue | Villager (Male) |
| 1:23 | Build | Lumber Camp |
| 1:45 | Queue | Villager (Male) |
| 2:05 | Queue | Villager (Male) |
| 2:32 | Queue | Villager (Male) |
| 2:32 | Queue | Villager (Male) |
| 2:32 | Queue | Villager (Male) |
| 2:33 | Queue | Villager (Male) |
| 3:03 | Queue | Villager (Male) |
| 3:24 | Build | Mill |
| 3:35 | Queue | Villager (Male) |
| 3:35 | Queue | Villager (Male) |
| 3:48 | Build | House |
| 3:50 | Build | House |
| 4:01 | Queue | Villager (Male) |
| 4:02 | Queue | Villager (Male) |
| 4:55 | Queue | Villager (Male) |
| 5:15 | Queue | Villager (Male) |
| 5:27 | Build | Barracks |
| 5:36 | Queue | Villager (Male) |
| 5:37 | Queue | Villager (Male) |
| 5:55 | Build | House |
| 6:37 | Queue | Villager (Male) |
| 6:39 | Research | Loom |
| 7:00 | Build | Mining Camp |
| 7:12 | Queue | Militia |
| 7:31 | Research | Feudal Age |
| 7:49 | Queue | Militia |
| 8:03 | Queue | Militia |
| 8:09 | Build | Mill |
| 8:57 | Queue | Militia |
| 9:34 | Queue | Villager (Male) |
| 9:41 | Age | Feudal Age |
| 9:44 | Research | Man-at-Arms (upgrade) |
| 9:46 | Research | Double-Bit Axe |
| 9:49 | Build | Archery Range |
| 10:00 | Queue | Villager (Male) |
| 10:06 | Build | Farm |
| 10:21 | Queue | Militia |
| 10:23 | Build | House |
| 10:29 | Queue | Villager (Male) |
| 10:30 | Build | Farm |
| 10:39 | Build | Farm |
| 10:47 | Queue | Skirmisher |
| 10:51 | Build | House |
| 10:55 | Queue | Villager (Male) |
| 11:02 | Queue | Archer |
| 11:16 | Build | House |
| 11:18 | Build | House |
| 11:28 | Queue | Villager (Male) |
| 11:35 | Build | Blacksmith |
| 11:48 | Queue | Villager (Male) |
| 11:50 | Queue | Archer |
| 11:57 | Build | Palisade Wall |
| 12:03 | Build | Farm |
| 12:06 | Queue | Villager (Male) |
| 12:20 | Build | Farm |
| 12:22 | Queue | Villager (Male) |
| 12:39 | Queue | Archer |
| 12:59 | Build | Farm |
| 13:07 | Research | Fletching |
| 13:09 | Queue | Villager (Male) |
| 13:35 | Queue | Villager (Male) |
| 13:36 | Queue | Skirmisher |
| 14:02 | Queue | Villager (Male) |
| 14:03 | Queue | Archer |
| 14:16 | Queue | Skirmisher |
| 14:32 | Queue | Skirmisher |
| 14:33 | Queue | Villager (Male) |
| 14:36 | Build | Farm |
| 14:41 | Build | House |
| 14:42 | Build | House |
| 14:43 | Build | House |
| 14:44 | Build | House |
| 14:47 | Research | Padded Archer Armor |
| 14:52 | Queue | Archer |
| 14:53 | Queue | Villager (Male) |
| 15:00 | Build | House |
| 15:01 | Build | House |
| 15:03 | Build | Farm |
| 15:09 | Build | Palisade Wall |
| 15:12 | Build | Palisade Wall |
| 15:13 | Build | Palisade Wall |
| 15:13 | Build | Palisade Wall |
| 15:17 | Build | Palisade Gate |
| 15:19 | Queue | Villager (Male) |
| 15:20 | Queue | Archer |
| 15:24 | Queue | Villager (Male) |
| 15:37 | Build | Farm |
| 15:39 | Build | Farm |
| 15:40 | Queue | Villager (Male) |
| 15:44 | Build | Farm |
| 15:48 | Queue | Archer |
| 16:16 | Queue | Villager (Male) |
| 16:27 | Build | Lumber Camp |
| 16:32 | Queue | Villager (Male) |
| 17:18 | Build | Market |
| 17:26 | Queue | Villager (Male) |
| 17:26 | Queue | Archer |
| 17:26 | Queue | Archer |
| 17:44 | Queue | Villager (Male) |
| 17:46 | Build | Farm |
| 18:14 | Build | Farm |
| 18:16 | Queue | Villager (Male) |
| 18:40 | Research | Castle Age |
| 18:48 | Build | Archery Range |
| 19:13 | Queue | Archer |
| 19:19 | Build | Archery Range |
| 19:22 | Research | Horse Collar |
| 19:24 | Queue | Archer |
| 19:24 | Queue | Archer |
| 19:51 | Queue | Archer |
| 19:53 | Build | Farm |
| 19:53 | Build | Farm |
| 19:57 | Queue | Archer |
| 19:58 | Queue | Archer |
| 20:21 | Queue | Archer |
| 20:24 | Research | Gold Mining |
| 20:26 | Build | Farm |
| 20:29 | Build | Farm |
| 20:33 | Build | Farm |
| 20:35 | Queue | Archer |
| 20:59 | Queue | Archer |
| 20:59 | Queue | Archer |
| 21:09 | Queue | Villager (Male) |
| 21:23 | Age | Castle Age |
| 21:25 | Build | Town Center |
| 21:27 | Research | Bodkin Arrow |
| 21:31 | Queue | Villager (Male) |
| 21:46 | Queue | Villager (Male) |
| 22:01 | Queue | Villager (Male) |
| 22:02 | Queue | Archer |
| 22:02 | Queue | Archer |
| 22:14 | Research | Crossbowman (upgrade) |
| 22:28 | Queue | Villager (Male) |
| 22:34 | Queue | Archer |
| 22:35 | Queue | Archer |
| 22:46 | Build | Town Center |
| 22:58 | Queue | Villager (Male) |
| 22:58 | Queue | Villager (Male) |
| 22:58 | Queue | Archer |
| 22:59 | Queue | Archer |
| 23:05 | Build | Farm |
| 23:24 | Queue | Archer |
Match timeline
| 3:53 | tomyam · wall_segment Palisade Wall x1 |
| 5:27 | Andi · first_building Barracks |
| 5:28 | tomyam · first_building Barracks |
| 9:00 | tomyam · wall_segment Palisade Wall x1 |
| 9:00 | tomyam · wall_segment Palisade Wall x1 |
| 9:11 | tomyam · wall_segment Palisade Wall x4 |
| 9:18 | tomyam · wall_segment Palisade Wall x1 |
| 9:20 | tomyam · age_up feudal |
| 9:25 | tomyam · first_building Archery Range |
| 9:41 | Andi · age_up feudal |
| 9:42 | tomyam · wall_segment Palisade Wall x1 |
| 9:44 | tomyam · wall_segment Palisade Wall x1 |
| 9:49 | Andi · first_building Archery Range |
| 9:54 | tomyam · wall_segment Palisade Wall x1 |
| 11:31 | tomyam · wall_segment Palisade Wall x8 |
| 11:40 | tomyam · wall_segment Palisade Wall x1 |
| 11:57 | Andi · wall_segment Palisade Wall x5 |
| 13:04 | tomyam · wall_segment Palisade Wall x1 |
| 15:09 | Andi · wall_segment Palisade Wall x1 |
| 15:12 | Andi · wall_segment Palisade Wall x7 |
| 15:13 | Andi · wall_segment Palisade Wall x1 |
| 15:13 | Andi · wall_segment Palisade Wall x1 |
| 15:34 | tomyam · wall_segment Palisade Wall x1 |
| 17:51 | tomyam · first_market_sell 100 stone |
| 17:52 | tomyam · first_market_buy 100 food |
| 18:30 | Andi · first_market_buy 100 food |
| 18:42 | tomyam · first_building Stable |
| 20:47 | tomyam · age_up castle |
| 21:23 | Andi · age_up castle |
| 22:37 | Andi · first_market_sell 100 food |
| 23:18 | tomyam · first_building Siege Workshop |
| 26:50 | Andi · first_building Siege Workshop |
| 35:40 | Andi · first_building Castle |
| 36:16 | tomyam · resign |
[ AI ANALYSIS · 1 CREDIT ]
What really happened in this match?
Wolo.gg analyzes every decision: build order, eco, micro, common mistakes by bracket. Personalized analysis on WhatsApp or Discord in 30 seconds.
Civ guide
Ethiopians
Perfil
Jugador #2646845